 Dungeon Crawl Stone Soup version 0.25-a0-834-g55863b0b92 (webtiles) character file.

Game seed: 16575227432900386598, levelgen mode: deterministic

55 Forecaster the Magician (level 3, -3/28 HPs)
             Began as a Naga Wizard on Apr 22, 2020.
             Slain by a worm (10 damage)
             ... on level 2 of the Dungeon.
             The game lasted 00:09:32 (1424 turns).

Forecaster the Magician (Naga Wizard)               Turns: 1424, Time: 00:09:33

Health: -3/28      AC:  2    Str: 10    XL:     3   Next: 93%
Magic:  1/8        EV: 10    Int: 18    God:
Gold:   34         SH:  0    Dex:  9    Spells: 4/9 levels left

rFire    . . .     SeeInvis +   j - +0 dagger
rCold    . . .     Gourm    .   (no shield)
rNeg     . . .     Faith    .   a - +0 robe
rPois    +         Spirit   .   b - +0 hat
rElec    .         Reflect  .   (no cloak)
rCorr    .         Harm     .   (no gloves)
MR       .....                  (no barding)
Stlth    ++........             (no amulet)
HPRegen  0.09/turn              (no ring)
MPRegen  0.11/turn              (no ring)

@: very slow
A: large, see invisible, deformed body, poison resistance, slowness 2, slow
metabolism 1, spit poison 1, AC +1
a: Spit Poison


You were on level 2 of the Dungeon.
You were not hungry.

You visited 1 branch of the dungeon, and saw 2 of its levels.

You collected 34 gold pieces.

Inventory:

Hand Weapons
 g - a +0 club
 i - a +0 short sword
 j - a +0 dagger (weapon)
 o - a +0 whip
 t - a +0 hunting sling of flaming
Missiles
 r - 21 arrows
 u - 10 stones (quivered)
Armour
 a - a +0 robe (worn)
 b - a +0 hat (worn)
Scrolls
 c - a scroll of noise {unknown}
 e - a scroll of remove curse {unknown}
 l - 2 scrolls of identify {unknown}
 p - a scroll of amnesia {unknown}
Potions
 h - a potion of brilliance {unknown}
 k - 2 potions of heal wounds {unknown}
 m - 2 potions of lignification {unknown}
 n - 4 potions of curing {unknown}
 q - a potion of cancellation {unknown}
 s - a potion of might {unknown}
Comestibles
 d - a ration


   Skills:
 + Level 0.1 Fighting
 + Level 0.3 Short Blades
 + Level 1.9 Dodging
 + Level 3.2 Stealth
 + Level 3.9 Spellcasting
 + Level 1.2 Conjurations
 + Level 1.3 Summonings
 + Level 1.0 Translocations


You had 4 spell levels left.
You knew the following spells:

 Your Spells              Type           Power        Failure   Level  Hunger
a - Magic Dart            Conj           #...         9%          1    None
b - Call Imp              Summ           #.......     13%         2    ##.....
c - Blink                 Tloc           N/A          16%         2    ##.....

Your spell library contained the following spells:

 Spells                   Type           Power        Failure   Level  Hunger
 Slow                     Hex            #.......     22%         2    ##.....
 Conjure Flame            Conj/Fire      #.......     34%         3    ###....
 Mephitic Cloud           Conj/Pois/Air  #.......     36%         3    ###....


Dungeon Overview and Level Annotations

Branches:
Dungeon (2/15)

Altars:


Innate Abilities, Weirdness & Mutations

You cannot wear boots.
Your serpentine skin is tough. (AC +1)
You have supernaturally acute eyesight. (SInv)
Armour fits poorly on your strangely shaped body.
Your system is resistant to poisons. (rPois)
You cover ground very slowly.
You have a slow metabolism.
You can spit poison.


Message History

The worm is lightly wounded.
The worm barely misses you.
You barely miss the worm.
The worm is lightly wounded.
The worm bites you.
You barely miss the worm.
The worm is lightly wounded.
You hit the worm.
The worm is lightly wounded.
The worm bites you.
* * * LOW HITPOINT WARNING * * *
Your magical contamination has completely faded away.
Casting: Call Imp (safe; 13% risk of failure)
Confirm with . or Enter, or press ? or * to list all spells.
A beastly little devil appears in a puff of flame.
Your crimson imp blinks!
You hit the worm.
The worm is lightly wounded.
The worm bites you!
You die...

###.#.#..# #.# ### #.#.#
###.#.#..# #.# #...#
......##########.# ######.#
##.............#.# #......#
#...#####.#.#.#.# #.####.#
#########.#.#.#.# #.# #.#
###....#.#.#.####.# #.#
#......5...§w5..#.# #.#
#.#......#.#@##.#.# #.#
#.#....#.#.#.##.#.# #.#
#####.#........#.##.#.####.#
...............#...........#
................####..######
...........####.# #..#
...#..##.#.# .# #..######
##.#.....#... .. #.......#
#.#.###.#.#.# #..####.#


You could see a worm and 2 friendly crimson imps.

Vanquished Creatures
  An adder (D:2)
  A leopard gecko (D:1)
  3 bats
  2 giant cockroaches (D:1)
  6 goblins
  2 hobgoblins (D:1)
  3 frilled lizards (D:1)
  5 kobolds
  4 rats
27 creatures vanquished.

Vanquished Creatures (collateral kills)
  An adder (D:2)
  An ooze (D:2)
  3 worms (D:2)
  A dart slug (D:1)
  A hobgoblin (D:2)
  A kobold (D:2)
8 creatures vanquished.

Grand Total: 35 creatures vanquished

Notes
Turn   | Place    | Note
-------+----------+-------------------------------------------
     0 | D:1      | Forecaster the Naga Wizard began the quest for the Orb.
     0 | D:1      | Reached XP level 1. HP: 15/15 MP: 4/4
   153 | D:1      | Reached XP level 2. HP: 10/22 MP: 1/6
   157 | D:1      | Learned a level 2 spell: Call Imp
   160 | D:1      | Learned a level 2 spell: Blink
   895 | D:2      | Reached XP level 3. HP: 25/28 MP: 6/8
  1424 | D:2      | Slain by a worm

Levels and vault maps discovered:
D:1:      roderic_crossed_star, layout_loops_ring
D:2:      layout_basic

Action                   || total
-------------------------++-------
Melee: Unarmed           ||    11
       Dagger            ||    42
       Club              ||     5
 Cast: Magic Dart        ||    37
       Call Imp          ||    15
 Stab: Sleeping          ||     3
  Eat: Chunk             ||     1
Armor: Robe              ||     9
Dodge: Dodged            ||    28

Table legend:
 A = Non-vault XP
 B = Vault XP
 C = Vault XP percentage of total XP
 D = Non-vault monster count
 E = Vault monster count
 F = Vault count percentage of total count
                 A         B        C        D         E       F
            +---------+---------+-------+---------+---------+-------
      Total |      79 |       0 |   0.0 |      35 |       0 |   0.0
            +---------+---------+-------+---------+---------+-------
        D:1 |      32 |       0 |   0.0 |      20 |       0 |   0.0
        D:2 |      47 |       0 |   0.0 |      15 |       0 |   0.0
            +---------+---------+-------+---------+---------+-------
